 Dungeon Crawl Stone Soup version 0.28-a0-1395-g4f6bc678fa (webtiles) character file.

Game seed: 1078376086885836819

25 ragingrage the Charlatan (level 3, 0/22 HPs)
             Began as a Gargoyle Artificer on Jan 4, 2022.
             Slain by a kobold (5 damage)
             ... on level 1 of the Dungeon.
             The game lasted 00:01:02 (1195 turns).

ragingrage the Charlatan (Gargoyle Artificer)       Turns: 1195, Time: 00:01:03

Health: 0/22       AC:  6    Str: 17    XL:     3   Next: 6%
Magic:  3/3        EV: 11    Int: 11    God:
Gold:   8          SH:  0    Dex: 10    Spells: 2/2 levels left

rFire   . . .      SeeInvis .   a - +0 club
rCold   . . .      Faith    .   (no shield)
rNeg    + . .      Spirit   .   b - +0 leather armour
rPois   ∞          Reflect  .   (no helmet)
rElec   +          Harm     .   (no cloak)
rCorr   .          Rampage  .   (no gloves)
Will    .....                   (no boots)
Stlth   +.........              (no amulet)
HPRegen 0.07/turn               (no ring)
MPRegen 0.08/turn               (no ring)

@: no status effects
A: sickness immunity, AC +3, negative energy resistance 1, electricity
resistance, torment resistance 1, petrification resistance
a: no special abilities


You were on level 1 of the Dungeon.
You visited 1 branch of the dungeon, and saw 1 of its levels.

You collected 8 gold pieces.

Inventory:

Hand Weapons
 a - a +0 club (weapon)
Missiles
 g - 8 poisoned darts
Armour
 b - a +0 leather armour (worn)
Wands
 c - a wand of flame (15)
 d - a wand of charming (13) (quivered)
Scrolls
 f - 3 scrolls of teleportation {unknown}
 i - 2 scrolls of identify {unknown}
Potions
 h - a potion of mutation {unknown}
Miscellaneous
 e - a piece from Xom's chessboard (15/15)


   Skills:
 + Level 2.3 Fighting
 - Level 2.1 Armour
 - Level 0.7 Dodging
 - Level 1.1 Stealth
 + Level 3.2 Evocations


You had 2 spell levels left.
You didn't know any spells.
Your spell library was empty.

Dungeon Overview and Level Annotations

Branches:
Dungeon (1/15)

Altars:


Innate Abilities, Weirdness & Mutations

You are immune to sickness and miasma.
Your stone body is resilient. (AC +3)
You are immune to poison.
You resist negative energy. (rN+)
You are resistant to electric shocks. (rElec)
You are resistant to unholy torment.
You are immune to petrification.


Message History

You hit the kobold but do no damage. The kobold closely misses you.
The kobold barely misses you.
You barely miss the kobold. The kobold closely misses you.
You hit the kobold but do no damage. The kobold hits you with a +0 dagger.
You closely miss the kobold. The kobold barely misses you.
You hit the kobold but do no damage.
The kobold hits you but does no damage. x2
You hit the kobold.
The kobold is heavily wounded.
The kobold hits you with a +0 dagger.
You hit the kobold.
The kobold is severely wounded.
The kobold hits you but does no damage.
You barely miss the kobold.
The kobold is severely wounded.
The kobold hits you with a +0 dagger. x2
You hit the kobold but do no damage.
The kobold is severely wounded.
The kobold hits you but does no damage.
You hit the kobold.
You kill the kobold!
The frilled lizard closely misses you.
You barely miss the frilled lizard.
The frilled lizard bites you but does no damage.
You barely miss the frilled lizard. The frilled lizard closely misses you.
You hit the frilled lizard but do no damage.
The frilled lizard barely misses you.
The frilled lizard bites you but does no damage.
You barely miss the frilled lizard. The frilled lizard barely misses you.
You barely miss the frilled lizard. The frilled lizard barely misses you.
You closely miss the frilled lizard. The frilled lizard closely misses you.
You miss the frilled lizard. The frilled lizard barely misses you.
The frilled lizard bites you.
You hit the frilled lizard.
You kill the frilled lizard!
You barely miss the kobold. The kobold hits you with a +0 whip.
* * * LOW HITPOINT WARNING * * *
You barely miss the kobold. The kobold hits you with a +0 whip.
* * * LOW HITPOINT WARNING * * *
You closely miss the kobold. The kobold hits you with a +0 whip.
You die...

# # # #
############ #
........K@.# #
..##..).##.#####
# #.##.##.....#
# ..
#.##.....### #
...
#.###......####
# .. ..#
###.......######
. #..
##...##.##....
###
#...##.##.##.
######....#..


You could see a kobold.

Vanquished Creatures
  A dart slug (D:1)
  An endoplasm (D:1)
  3 goblins (D:1)
  3 hobgoblins (D:1)
  2 ball pythons (D:1)
  5 bats (D:1)
  A frilled lizard (D:1)
  3 kobolds (D:1)
  4 rats (D:1)
23 creatures vanquished.

Vanquished Creatures (collateral kills)
  A goblin (D:1)
1 creature vanquished.

Vanquished Creatures (others)
  An endoplasm (D:1)
  A kobold (D:1)
2 creatures vanquished.

Grand Total: 26 creatures vanquished

Notes
Turn   | Place    | Note
-------+----------+-------------------------------------------
     0 | D:1      | ragingrage the Gargoyle Artificer began the quest for the
                  | Orb.
     0 | D:1      | Reached XP level 1. HP: 12/12 MP: 1/1
   258 | D:1      | Reached skill level 3 in Evocations
   258 | D:1      | Reached XP level 2. HP: 3/17 MP: 2/2
  1168 | D:1      | Reached XP level 3. HP: 11/21 MP: 3/3
  1195 | D:1      | Slain by a kobold

Illustrated notes

Levels and vault maps discovered:
D:1:      minmay_arrival_loop, layout_basic, serial_corexii_hall,
          chequers_hall_statues_wall_a, corexii_hall_statues_x

Skill      XL: |  1  2 |
---------------+-------+-----
Evocations     | 3 |  3.2
Fighting       | 2 |  2.3
Armour         | |  2.1
Dodging        | |  0.7
Stealth        | |  1.1

Action                   || total
-------------------------++-------
Melee: Club              ||   117
Evoke: Wand              ||     2
 Stab: Sleeping          ||     1
Armor: Leather armour    ||    63
Dodge: Dodged            ||    85

Table legend: (Time is in decaauts)
 A = Elapsed time spent in this place.
 B = Non-inter-level travel time spent in this place.
 C = Inter-level travel time spent in this place.
 D = Time resting spent in this place.
 E = Time spent auto-exploring this place.
 F = Levels seen in this place.
 G = Mean time per level.
                   A        B        C        D        E       F      G
               +--------+--------+--------+--------+--------+-----+--------+
         Total |   1229 |   1229 |      0 |    468 |    520 |   1 | 1229.0 |
       Dungeon |   1229 |   1229 |      0 |    468 |    520 |   1 | 1229.0 |
               +--------+--------+--------+--------+--------+-----+--------+

Top non-repeatable levels by time:
     D:1: 1229 daAuts
